 Dungeon Crawl Stone Soup version 0.29.1-15-g9cfb28693d (webtiles) character file.

Game seed: 14111781145785788058

629 sking99 the Skirmisher (level 7, -1/44 HPs)
             Began as a Kobold Hunter on Feb 24, 2023.
             Was an Initiate of Fedhas.
             Slain by an ogre
             ... wielding a +0 giant club
              (30 damage)
             ... on level 5 of the Dungeon.
             The game lasted 00:08:38 (4096 turns).

sking99 the Skirmisher (Kobold Hunter)              Turns: 4096, Time: 00:08:38

Health: -1/44      AC: 14    Str:  9    XL:     7   Next: 77%
Magic:  8/8        EV: 11    Int: 10    God:    Fedhas [......]
Gold:   211        SH:  0    Dex: 20    Spells: 6/6 levels left

rFire   + . .      SeeInvis .   a - +1 shortbow
rCold   . . .      Faith    .   (shield currently unavailable)
rNeg    + . .      Spirit   .   u - +0 pearl dragon scales
rPois   .          Reflect  .   (no helmet)
rElec   .          Harm     .   (no cloak)
rCorr   .          Rampage  .   (no gloves)
Will    .....                   (no boots)
Stlth   +.........              h - amulet of regeneration
HPRegen 0.94/turn               l - +4 ring of protection
MPRegen 0.11/turn               n - ring of protection from fire

@: marked
A: small, no large weapons, nightstalker 3
a: Renounce Religion


You were on level 5 of the Dungeon.
You worshipped Fedhas.
Fedhas was noncommittal.
You visited 2 branches of the dungeon, and saw 6 of its levels.

You collected 211 gold pieces.

Inventory:

Hand Weapons
 a - a +1 shortbow (weapon)
Armour
 u - +0 pearl dragon scales (worn)
Jewellery
 h - an amulet of regeneration (around neck)
 l - a +4 ring of protection (left hand)
 m - an amulet of faith
 n - a ring of protection from fire (right hand)
Scrolls
 b - a scroll of immolation
 f - a scroll of brand weapon {unknown}
 k - a scroll of enchant armour
 p - a scroll of vulnerability {unknown}
 s - a scroll of blinking {unknown}
 t - a scroll of acquirement {unknown}
 v - a scroll of fear
Potions
 c - 2 potions of lignification {unknown}
 d - 3 potions of curing {unknown}
 e - a potion of berserk rage {unknown}
 g - a potion of mutation {unknown}
 i - 3 potions of flight
 j - 2 potions of degeneration {unknown}
 o - 3 potions of attraction {unknown}
 r - 2 potions of heal wounds {unknown}


   Skills:
 + Level 4.6 Fighting
 * Level 9.0 Ranged Weapons
 + Level 5.0 Dodging
 - Level 1.3 Stealth
 + Level 1.5 Invocations


You had 6 spell levels left.
You didn't know any spells.
Your spell library contained the following spells:

 Spells                   Type           Power      Damage    Failure   Level
 Magic Dart               Conj           0%         1d3       99%         1
 Searing Ray              Conj           0%         2d4       100%        2
 Ozocubu's Armour         Ice            0%         N/A       100%        3
 Stone Arrow              Conj/Erth      0%         3d7       100%        3
 Animate Armour           Summ/Erth      0%         N/A       100%        4
 Fulminant Prism          Conj/Hex       0%         3d6       100%        4
 Ozocubu's Refrigeration  Ice            0%         4d7       100%        7
 Lehudib's Crystal Spear  Conj/Erth      0%         10d2      100%        8


Dungeon Overview and Level Annotations

Branches:
Dungeon (5/15)             Temple (1/1) D:4

Altars:
Cheibriados
Elyvilon
Fedhas
Gozag
Kikubaaqudgha
Makhleb
Nemelex Xobeh
Okawaru
Ru
Trog
Uskayaw
Vehumet
Wu Jian
Xom
Zin
The Shining One

Portals:
Abyss: D:3

Annotations:
D:3 2 transporters, Garym's ghost, amateur MiFi
D:5 Eustachio


Innate Abilities, Weirdness & Mutations

You are small and have problems with some larger weapons.
You are completely attuned to the shadows.


Message History

You shoot an arrow. The arrow hits the scorpion.
You kill the scorpion!
Fedhas appreciates your contribution to the ecosystem.
Your Ranged Weapons skill increases to level 9!
Your Dodging skill increases to level 5!
You see here a scorpion corpse.
You now have 211 gold pieces (gained 6).
o - 3 yellow potions (gained 1)
Found 6 stones.
You see here 6 stones.
A sourceless malevolence fills the Dungeon...
With a horrendous wail, an alarm goes off!
A sentinel's mark forms upon you.
You hear a shout! x13
You drop a +1 scale mail.
n - a ring of protection from fire (right hand)
An adder comes into view.
You shoot an arrow.
The arrow hits the adder but does no damage.
You shoot an arrow. The arrow barely misses the adder.
The adder closely misses you. The adder bites you but does no damage.
You shoot an arrow. The arrow barely misses the adder.
The adder closely misses you. The adder bites you but does no damage.
You shoot an arrow. The arrow barely misses the adder.
The adder bites you but does no damage.
An ogre comes into view. It is wielding a +0 giant club.
The adder bites you but does no damage.
You shoot an arrow. The arrow misses the adder.
The adder bites you. The ogre misses you. The adder bites you.
You shoot an arrow. The arrow barely misses the ogre.
The adder completely misses you. The ogre closely misses you.
You shoot an arrow. The arrow hits the ogre.
The ogre is lightly wounded.
The adder closely misses you. x2; The ogre hits you with a +0 giant club!
You shoot an arrow. The arrow barely misses the ogre.
The adder closely misses you. x2
The ogre hits you with a +0 giant club!!
Ouch! That really hurt!
You die...
Fedhas appreciates your contribution to the ecosystem.

#.# #.# #.##
#..# #.# ##.#
#.# #.# #.#
###.# #S# #...#
#@# #.### #
##########O##
#.#
#.##...........#
#.#
#.....#######.##
#.# ####[.# ###
#.# #..# #.#
#..# ###.# #..#
#...# #######..#
#.###


You could see an ogre and an adder.

Vanquished Creatures
  Grinder (D:3)
  An ogre (D:4)
  2 scorpions
  A jelly (D:4)
  Terence (D:2)
  2 iguanas
  An orc wizard (D:4)
  An adder (D:2)
  2 worms (D:2)
  A dart slug (D:4)
  6 orcs
  2 bats
  8 endoplasms
  A giant cockroach (D:2)
  6 goblins
  12 hobgoblins
  5 jackals
  6 quokkas
  6 ball pythons
  3 frilled lizards
  6 kobolds
  4 rats
78 creatures vanquished.

Notes
Turn   | Place    | Note
-------+----------+-------------------------------------------
     0 | D:1      | sking99 the Kobold Hunter began the quest for the Orb.
     0 | D:1      | Reached XP level 1. HP: 12/12 MP: 1/1
    46 | D:1      | Reached XP level 2. HP: 13/18 MP: 2/2
   444 | D:1      | Reached XP level 3. HP: 22/22 MP: 3/3
   471 | D:1      | Reached skill level 6 in Ranged Weapons
  1044 | D:2      | Reached XP level 4. HP: 24/27 MP: 4/4
  1876 | D:3      | Noticed Terence
  1892 | D:2      | Killed Terence
  1909 | D:3      | Found a transporter.
  2074 | D:3      | Found a blossoming altar of Fedhas.
  2125 | D:3      | Noticed Grinder
  2145 | D:3      | Paralysed by Grinder for 3 turns
  2150 | D:3      | Paralysed by Grinder for 5 turns
  2164 | D:3      | Paralysed by Grinder for 4 turns
  2184 | D:3      | Paralysed by Grinder for 5 turns
  2189 | D:3      | Killed Grinder
  2190 | D:3      | Reached skill level 7 in Ranged Weapons
  2190 | D:3      | Reached XP level 5. HP: 11/33 MP: 5/5
  2190 | D:3      | Reached XP level 6. HP: 12/38 MP: 6/6
  2218 | D:3      | Found a faded altar of an unknown god.
  2320 | D:3      | Found a one-way gate to the infinite horrors of the Abyss.
  2320 | D:3      | Noticed Garym's ghost (amateur MiFi)
  2331 | D:3      | Found a transporter.
  2523 | D:3      | Reached skill level 8 in Ranged Weapons
  2644 | D:4      | Reached XP level 7. HP: 28/43 MP: 7/7
  2706 | D:4      | Found a staircase to the Ecumenical Temple.
  2712 | Temple   | Entered the Ecumenical Temple
  2874 | D:3      | Became a worshipper of Fedhas Madash
  3106 | D:4      | Found a hide-covered altar of Uskayaw.
  3338 | D:4      | Found a sacrificial altar of Ru.
  3377 | D:4      | Reached skill level 1 in Invocations
  3846 | D:5      | Entered Level 5 of the Dungeon
  3852 | D:5      | Noticed Eustachio
  4019 | D:5      | Reached skill level 9 in Ranged Weapons
  4019 | D:5      | Reached skill level 5 in Dodging
  4096 | D:5      | Slain by an ogre

Illustrated notes

Levels and vault maps discovered:
D:1:      minmay_arrival_cross, layout_basic
D:2:      layout_loops_ring, skrybe_limestone_x, minmay_3d_cube
D:3:      layout_rooms, mainiacjoe_overflow_six_doors_small,
          gammafunk_ghost_abyssal_escape, hellmonk_ecumenical_altar_run_dry,
          uniq_grinder, uniq_terence
D:4:      layout_gridville, nicolae_ru_sacrificial_ziggurat,
          kennysheep_little_box, lemuel_temple_firewalk_a, nrook_campfire
D:5:      layout_loops_ring, biasface_ghost_orc_armoury,
          mumra_transporter_accident, uniq_eustachio
Temple:   cyrus_circular_temple

Skill      XL: |  1  2  3  4  5  6  7 |
---------------+----------------------+-----
Ranged Weapons | 6 7 8 9 |  9.0
Dodging        | 3 4 5 |  5.0
Fighting       | 3 4 |  4.6
Invocations    | 1 |  1.5
Stealth        | |  1.3

Action                   |  1- 3 |  4- 6 |  7- 9 || total
-------------------------+-------+-------+-------++-------
 Fire: Shortbow          |    87 |    77 |    77 ||   241
  Use: Scroll            |       |     7 |       ||     7
Armor: Leather armour    |    12 |     1 |       ||    13
       Scale mail        |       |    11 |    17 ||    28
       Pearl dragon scal |       |       |     6 ||     6
Dodge: Dodged            |    36 |    29 |    36 ||   101
